AoeStats
← Еврей

Coastal Forest

503675244Analyzed
2v2 RM · 29d ago on Sep 1, 2026· 29m 35s· 4 players
Game mode
Random Map
Map size
Medium (4 player)
Population
200
Speed
Normal
Resources
Standard
Victory
Conquest
Starting age
Dark Age
Ending age
Imperial Age
RankedLock teamsTeams togetherTeam positionsShared explorationLock speedFull tech treeHidden civsTurbo modeCheats
Victory
Defeat
🇷🇺 Burgundians · Russia
847
+15
847
+15
🇷🇴 Berbers · Romania
860
-17
🇦🇷 Vietnamese · Argentina
810
-14
LOST
9:45 Loom
13:03 Feudal Age
18:11 Double-Bit Axe
23:11 Castle Age
23:19 Scale Barding Armor
?
1:26 Loom
13:21 Feudal Age
13:50 Fishing Lines
14:07 Double-Bit Axe
15:35 Gold Mining
18:09 Wheelbarrow
17:44 Town Watch
18:12 Man-at-Arms
25:11 Padded Archer Armor
26:23 Fletching
28:52 Scale Mail Armor
черный как смола
0:33 Loom
12:11 Feudal Age
12:41 Man-at-Arms
13:53 Horse Collar
17:13 Fletching
17:28 Scale Mail Armor
19:38 Forging
19:29 Padded Archer Armor
23:55 Castle Age
24:14 Crossbowman
24:47 Double-Bit Axe
25:38 Thumb Ring
24:57 Eagle Warrior
27:45 Squires
29:15 Bow Saw
Еврей
8:32 Loom
9:36 Double-Bit Axe
12:05 Feudal Age
13:12 Bow Saw
15:37 Gold Mining
18:30 Wheelbarrow
20:30 Castle Age
18:47 Stone Mining
19:51 Horse Collar
20:59 Stone Shaft Mining
20:41 Heavy Plow
21:24 Fletching
21:39 Scale Barding Armor
21:45 Forging
22:09 Husbandry
23:04 Gold Shaft Mining
24:49 Cavalier
Connection lost

Rejoining the realm…

Still unreachable

The connection could not be restored.

Session expired

The server has moved on; the page needs a fresh start.